 Dungeon Crawl Stone Soup version 0.31-a0-303-gdc8c9485ea (webtiles) character file.

Game seed: 4667810539182492113

387 Newt the Trooper (level 6, -14/75 HPs)
             Began as a Demonspawn Gladiator on July 16, 2023.
             Demolished by Pikel
             ... wielding a +0 whip of electrocution
              (15 damage)
             ... on level 4 of the Dungeon.
             The game lasted 00:04:55 (4474 turns).

Newt the Trooper (Demonspawn Gladiator)             Turns: 4474, Time: 00:04:56

Health: -14/75     AC: 23    Str: 17    XL:     6   Next: 49%
Magic:  6/6        EV:  2    Int:  9    God:
Gold:   257        SH:  0    Dex: 14    Spells: 5/5 levels left

rFire   . . .        h - +0 dagger (venom)
rCold   . . .        (no shield)
rNeg    . . .        b - melded +0 leather armour
rPois   +            c - melded +0 helmet
rElec   .            (cloak currently unavailable)
rCorr   .            (gloves currently unavailable)
SInv    .            (boots currently unavailable)
Will    +....        j - amulet of magic regeneration
Stlth   ++           o - +4 ring of slaying
HPRegen 0.32/turn    f - ring of willpower
MPRegen 0.60/turn

%: no passive effects
@: tree-form
A: stationary, stasis, torment immunity, boosted hp, rugged brown scales 2,
magic regeneration, (demonic touch 1)
a: no special abilities


You were on level 4 of the Dungeon.
You were a tree.
You visited 1 branch of the dungeon, and saw 5 of its levels.

You collected 257 gold pieces.

Inventory:

Hand Weapons
 a - a +0 rapier
 h - a +0 dagger of venom (weapon)
 x - a +3 short sword
Missiles
 d - 3 throwing nets (quivered)
 e - a javelin
 n - 13 poisoned darts
Armour
 b - a +0 leather armour (melded)
 c - a +0 helmet (melded)
Jewellery
 f - a ring of willpower (right branch)
 i - a ring of flight
 j - an amulet of magic regeneration (around neck)
 o - a +4 ring of slaying (left branch)
 q - a ring of poison resistance
Wands
 v - a wand of iceblast (7)
Scrolls
 g - a scroll of teleportation
 u - a scroll of identify
 w - a scroll of enchant armour {unknown}
Potions
 k - a potion of lignification
 l - a potion of brilliance
 m - a potion of magic {unknown}
 p - a potion of degeneration {unknown}
 r - a potion of cancellation {unknown}
 t - a potion of mutation {unknown}


   Skills:
 - Level 4.0 Fighting
 - Level 4.0 Short Blades
 - Level 1.7 Throwing
 - Level 4.0 Dodging
 + Level 3.2 Stealth


You had 5 spell levels left.
You didn't know any spells.
Your spell library was empty.

Dungeon Overview and Level Annotations

Branches:
Dungeon (5/15)
 Temple: D:4-7

Altars:

Annotations:
D:4 Pikel
D:5 Menkaure


Innate Abilities, Weirdness & Mutations

You are a tree.
Your roots penetrate the ground, keeping you stationary.
You cannot be teleported.
You are immune to unholy pain and torment.
Your maximum health is greatly increased.
Your equipment is partially melded.
(You are mostly covered in rugged brown scales. (AC +2, +5% HP))
You regenerate magic rapidly.
((Your touch may inflict minor irresistible damage on your foes.))


Message History

There is a stone staircase leading down here.
You climb downwards.
You hear the sound of rushing water.
There is an entrance to a sewer on this level.
Hurry and find it before the portal rusts away!
The walls and floor vibrate strangely for a moment.
Level annotation: Menkaure, Pikel The centaur shoots an arrow.
The arrow hits you! The adder misses you.
The centaur shoots an arrow.
The arrow misses you.
The arrow barely misses the adder.
The adder bites you.
Pikel hits you with a +0 whip of electrocution.
The centaur shoots an arrow.
The arrow hits you!
The lemure shouts!
There is a stone staircase leading up here.
Unknown command.
The adder closely misses you.
The centaur shoots an arrow.
The arrow misses you.
The arrow closely misses the adder.
Pikel barely misses you.
You climb upwards.
There is a stone staircase leading down here.
Unknown command.
Unknown command.
You barely miss the adder. Your touch misses the adder.
The adder barely misses you.
Pikel hits you with a +0 whip of electrocution.
You are electrocuted!
Unknown command.
The adder bites you but does no damage.
Pikel hits you with a +0 whip of electrocution!
* * * LOW HITPOINT WARNING * * *
You are electrocuted!
* * * LOW HITPOINT WARNING * * *
The adder bites you but does no damage.
Okay, then.
Okay, then.
Really quaff the potion of lignification?
You turn into a tree.
Your +0 helmet melds into your body.
Your +0 leather armour melds into your body.
Your roots penetrate the ground.
The adder bites you but does no damage. Pikel hits you but does no damage.
You are electrocuted!
You die...

########### #.........#
########## #.#######.# #.........
#.# #.# #......... #.# #.#
#......... #.#######.#####
#......... #.##..........#
#......... #.##..........#
#.........
#.##.....♣S...###.........
#<#######>K.....'......... #.#
#########......... ########'###
#......... #..........#
#########...
#..........###########.......###'
#..........##.............>..#...
#..........##................#...
#..........##..........#######...


You could see Pikel and an adder.

Vanquished Creatures
  3 lemures (D:4)
  A scorpion (D:4)
  2 hounds (D:4)
  2 jellies (D:4)
  2 iguanas (D:4)
  3 gnolls (D:4)
  3 adders
  6 worms
  2 dart slugs
  8 orcs
  6 ball pythons
  5 endoplasms
  3 giant cockroaches
  5 goblins
  9 hobgoblins
  11 kobolds
  4 quokkas
  4 bats
  2 frilled lizards
  6 rats
87 creatures vanquished.

Notes
Turn   | Place    | Note
-------+----------+-------------------------------------------
     0 | D:1      | Newt the Demonspawn Gladiator began the quest for the Orb.
     0 | D:1      | Reached XP level 1. HP: 16/16 MP: 1/1
   202 | D:1      | Gained mutation: You are partially covered in rugged brown
                  | scales. (AC +1, +3% HP) [demonic ancestry]
   202 | D:1      | Reached XP level 2. HP: 8/23 MP: 2/2
   452 | D:1      | Found a faded altar of an unknown god.
  1128 | D:2      | Gained mutation: Your touch may inflict minor irresistible
                  | damage on your foes. [demonic ancestry]
  1128 | D:2      | Reached XP level 3. HP: 29/29 MP: 3/3
  1603 | D:2      | Gained mutation: You regenerate magic rapidly. [demonic
                  | ancestry]
  1603 | D:2      | Reached XP level 4. HP: 38/38 MP: 4/4
  3137 | D:4      | Gained mutation: You are mostly covered in rugged brown
                  | scales. (AC +2, +5% HP) [demonic ancestry]
  3137 | D:4      | Reached XP level 5. HP: 38/44 MP: 5/5
  3231 | D:4      | Reached skill level 1 in Stealth
  3357 | D:4      | Reached XP level 6. HP: 50/50 MP: 6/6
  3802 | D:5      | Entered Level 5 of the Dungeon
  3802 | D:5      | Noticed Menkaure
  3802 | D:5      | Noticed Pikel
  4473 | D:4      | HP: 1/50 [Pikel/+0 whip of electrocution (9)]
  4474 | D:4      | Demolished by Pikel

Illustrated notes

Levels and vault maps discovered:
D:1:      eino_arrival_tree_alley, layout_loops_ring, serial_forest,
          infiniplex_forest_straight_2, infiniplex_forest_lined_3,
          infiniplex_forest_clump_diagonal, infiniplex_forest_clump_diagonal,
          infiniplex_forest_corner_1, infiniplex_forest_clump_small,
          infiniplex_forest_corner_1, infiniplex_forest_lined_3,
          ebering_ecumenical_altar_ruins, serial_bayou_pond_e
D:2:      layout_basic, grunt_decor_mini_mirrors
D:3:      layout_basic, minmay_pentomino_pile
D:4:      layout_basic, minmay_starry_boxes
D:5:      layout_cave_pools, minmay_temple_entry_mini_moons,
          cheibrodos_sewer_entry_bend, uniq_menkaure, uniq_pikel

Skill      XL: |  1  2  3  4  5  6 |
---------------+-------------------+-----
Fighting       | 3 4 |  4.0
Short Blades   | 3 4 |  4.0
Dodging        | 4 |  4.0
Stealth        | 1 3 |  3.2
Throwing       | |  1.7

Action                     |  1- 3 |  4- 6 || total
---------------------------+-------+-------++-------
  Melee: Rapier            |   139 |    53 ||   192
         Punch             |     1 |     1 ||     2
         Touch             |     8 |    33 ||    41
         Dagger            |       |    95 ||    95
  Throw: Throwing net      |       |     3 ||     3
         Javelin           |       |     1 ||     1
    Use: Scroll            |     5 |     8 ||    13
         Potion            |       |     2 ||     2
   Stab: Held in net/web   |       |     1 ||     1
 Armour: Leather armour    |    34 |    47 ||    81
         Skin              |       |     2 ||     2
  Dodge: Dodged            |    71 |    84 ||   155

Table legend: (Time is in decaauts)
 A = Elapsed time spent in this place.
 B = Non-inter-level travel time spent in this place.
 C = Inter-level travel time spent in this place.
 D = Time resting spent in this place.
 E = Time spent auto-exploring this place.
 F = Levels seen in this place.
 G = Mean time per level.
                   A        B        C        D        E       F      G
               +--------+--------+--------+--------+--------+-----+--------+
         Total |   4467 |   4235 |    232 |    978 |   2598 |   5 |  893.4 |
       Dungeon |   4467 |   4235 |    232 |    978 |   2598 |   5 |  893.4 |
               +--------+--------+--------+--------+--------+-----+--------+

Top non-repeatable levels by time:
     D:4: 1423 daAuts
     D:2: 1047 daAuts
     D:3: 1006 daAuts
     D:1: 978 daAuts
     D:5: 11 daAuts
